 Dungeon Crawl Stone Soup version 0.21.0-25-ge575cb9 (webtiles) character file.

119 Mgcat the Ruffian (level 4, 0/35 HPs)
             Began as a Draconian Transmuter on Jan 23, 2018.
             Slain by Natasha (4 damage)
             ... on level 2 of the Dungeon.
             The game lasted 00:03:40 (2383 turns).

Mgcat the Ruffian (Draconian Transmuter)            Turns: 2383, Time: 00:03:40

Health: 0/35       AC:  5    Str: 13    XL:     4   Next: 73%
Magic:  7/7        EV: 12    Int: 14    God:
Gold:   86         SH:  0    Dex: 11    Spells: 5/8 levels left

rFire    . . .     SeeInvis .   i - +1 whip (venom)
rCold    . . .     Gourm    .   (no shield)
rNeg     . . .     Faith    .   (armour unavailable)
rPois    .         Spirit   .   (helmet restricted)
rElec    .         Reflect  .   (no cloak)
rCorr    .         Harm     .   (no gloves)
MR       .....                  (no boots)
Stlth    +.........             (no amulet)
HPRegen  0.11/turn              (no ring)
MPRegen  0.10/turn              (no ring)

@: no status effects
A: unfitting armour, cold-blooded, AC +5
a: no special abilities


You were on level 2 of the Dungeon.
You were not hungry.

You visited 1 branch of the dungeon, and saw 2 of its levels.

You collected 86 gold pieces.

Inventory:

Hand Weapons
 i - a +1 whip of venom (weapon)
Missiles
 a - 41 arrows
Scrolls
 d - a scroll of remove curse {unknown}
 e - a scroll of enchant weapon {unknown}
 f - a scroll of identify {unknown}
 g - 2 scrolls of teleportation {unknown}
 j - a scroll of enchant armour {unknown}
Potions
 h - a potion of haste {unknown}
 k - a potion of resistance {unknown}
Books
 b - a book of Changes

   Spells                             Type                      Level
   a - Beastly Appendage              Transmutation                1
   b - Sticks to Snakes               Transmutation                2
   c - Spider Form                    Transmutation/Poison         3
   d - Ice Form                       Ice/Transmutation            4
   e - Blade Hands                    Transmutation                5
Comestibles
 c - a ration
 l - a chunk of flesh


   Skills:
 - Level 1.1 Fighting
 - Level 1.7 Dodging
 - Level 4.9 Unarmed Combat
 + Level 2.5 Spellcasting
 + Level 2.6 Transmutations


You had 5 spell levels left.
You knew the following spells:

 Your Spells              Type           Power        Failure   Level  Hunger
a - Beastly Appendage     Tmut           #.....       8%          1    #......
b - Sticks to Snakes      Tmut           #.......     12%         2    ###....


Dungeon Overview and Level Annotations

Branches:
Dungeon (2/15)

Altars:

Annotations:
D:2 Natasha


Innate Abilities, Weirdness & Mutations

Your plain brown scales are hard. (AC +5)
You cannot fit into any form of body armour.
You are cold-blooded and may be slowed by cold attacks.


Message History

Unknown command.
Unknown command.
Unknown command.
Unknown command.
You closely miss Natasha.
Natasha is moderately wounded.
Natasha casts a spell.
The hobgoblin closely misses you. Natasha claws you.
* * * LOW HITPOINT WARNING * * *
Unknown command.
Unknown command.
Unknown command.
Okay, then.
You barely miss Natasha.
Your tail-slap misses Natasha.
Natasha is moderately wounded.
The white imp gestures at you. The puff of frost misses you.
The hobgoblin hits you but does no damage.
Natasha claws you.
You die...

#.###
#############..#.##.... ##.#
≈≈≈≈§≈§≈§≈#.......##....
...#
......§§.≈#.............
..####
...≈.....≈#......)######
..##.# ....§..§.§§#.......#
.....#≈..≈..≈.5§..≈#.......#
..####≈..≈§.§..≈..≈#.......#
..# #≈..≈§≈§≈5§hg≈#.......#
### #≈..≈?§§!.§@.§#.......#
#§..≈..≈..≈.§§#.......#
#≈§....≈.....§#.......#
#≈§....≈.....≈#....>..#
#§...........≈#.......#
#≈≈≈≈≈≈)§≈§≈≈≈#......##
#######)#######.....##
#.((......##### ###########


You could see Natasha, a crimson imp, a white imp and a hobgoblin.

Vanquished Creatures
  Jessica (D:2)
  Natasha (D:2)
  3 adders (D:2)
  4 dart slugs
  A leopard gecko (D:1)
  2 bats (D:2)
  A giant cockroach (D:2)
  2 goblins
  4 hobgoblins
  10 kobolds
  6 frilled lizards
  4 rats
39 creatures vanquished.

Notes
Turn   | Place    | Note
-------+----------+-------------------------------------------
     0 | D:1      | Mgcat the Draconian Transmuter began the quest for the Orb.
     0 | D:1      | Reached XP level 1. HP: 16/16 MP: 3/3
   457 | D:1      | Reached XP level 2. HP: 23/23 MP: 5/5
  1044 | D:2      | Reached skill level 4 in Unarmed Combat
  1045 | D:2      | Noticed Jessica
  1156 | D:2      | Reached XP level 3. HP: 15/28 MP: 6/6
  1708 | D:2      | Killed Jessica
  1876 | D:2      | Learned a level 2 spell: Sticks to Snakes
  1890 | D:2      | Noticed Natasha
  1896 | D:2      | Killed Natasha
  1896 | D:2      | Reached XP level 4. HP: 29/35 MP: 7/7
  2292 | D:2      | Noticed Natasha
  2383 | D:2      | Slain by Natasha

Skill      XL: |  1  2 |
---------------+-------+-----
Unarmed Combat | 4 |  4.9
Fighting       | |  1.1
Dodging        | |  1.7
Spellcasting   | |  2.5
Transmutations | |  2.6

Action                   |  1- 3 |  4- 6 || total
-------------------------+-------+-------++-------
Melee: Unarmed           |   115 |       ||   115
       Tailslap          |     9 |     4 ||    13
       Punch             |     1 |       ||     1
       Whip              |     7 |    37 ||    44
 Cast: Beastly Appendage |     1 |       ||     1
 Stab: Sleeping          |     1 |       ||     1
  Eat: Ration            |     1 |       ||     1
       Chunk             |     1 |       ||     1
Armor: Skin              |    18 |    13 ||    31
Dodge: Dodged            |    78 |    37 ||   115
